 Dungeon Crawl Stone Soup version 0.17.0-24-gcfadda4 (webtiles) character file.

7295 dorian the Arsonist (level 11, -8/67 HPs)
             Began as an Octopode Fire Elementalist on Nov 16, 2015.
             Was an Elder of Vehumet.
             Mangled by a red ugly thing (23 damage)
             ... on level 11 of the Dungeon.
             The game lasted 00:29:37 (13230 turns).

dorian the Arsonist (Octopode Fire Elementalist)   Turns: 13230, Time: 00:29:37

Health: -8/67      AC:  3    Str: 12    XL:     11   Next: 13%
Magic:  26/26      EV: 12    Int: 22    God:    Vehumet [****..]
Gold:   744        SH:  0    Dex: 12    Spells: 3 memorised, 11 levels left

rFire  . . .     SeeInvis .     J - +6 shortbow "Xuvuz" {freeze, rPois Str+5}
rCold  . . .     Clarity  .     (shield currently unavailable)
rNeg   . . .     SustAt   .     F - +2 hat
rPois  +         Gourm    .     c - amulet of regeneration
rElec  .         Spirit   .     d - ring of magical power
rCorr  .         Warding  .     (no ring)
rMut   .         Stasis   .     (no ring)
MR     .....                    (no ring)
Stlth  +++.......               (no ring)
                                (no ring)
                                (no ring)
                                (no ring)

@: not resistant to hostile enchantments, fairly stealthy
A: almost no armour, amphibious, 8 rings, constrict 8, camouflage 1, robust 1,
gelatinous body 1
a: Renounce Religion


You were on level 11 of the Dungeon.
You worshipped Vehumet.
Vehumet was greatly pleased with you.
You were not hungry.

You visited 1 branch of the dungeon, and saw 11 of its levels.
You also visited: Sewer.

You collected 744 gold pieces.

Inventory:

Hand Weapons
 J - the +6 shortbow "Xuvuz" (weapon) {freeze, rPois Str+5}
   (You found it on level 7 of the Dungeon)

   It causes projectiles fired from it to freeze those they strike, causing
   extra injury to most foes and up to half again as much damage against
   particularly susceptible opponents.
   They can also slow down cold-blooded creatures.
   It affects your strength (+5).
   It protects you from poison.
Missiles
 x - 13 curare-tipped needles
 M - 63 arrows (quivered)
 O - 46 poisoned arrows
 R - 17 arrows of flame
Armour
 F - a +2 hat (worn)
Jewellery
 c - an amulet of regeneration (around mantle)
 d - a ring of magical power (left tentacle)
 r - an uncursed ring of ice
Wands
 w - a wand of digging (11)
 A - a wand of flame (12)
 D - a wand of frost (25)
 E - a wand of magic darts (26)
 H - a wand of fireball (0)
 I - a wand of paralysis (5)
 L - a wand of polymorph (13)
 P - a wand of cold (4)
 Q - a wand of confusion (14)
Scrolls
 g - 8 scrolls of teleportation
 j - 8 scrolls of identify
 k - 4 scrolls of enchant armour
 m - 2 scrolls of remove curse
 n - 2 scrolls of recharging
 o - a scroll of fog
 u - 3 scrolls of magic mapping
Potions
 e - a potion of agility
 h - a potion of lignification
 l - a potion of haste
 p - 3 potions of magic
 q - a potion of might
 s - 2 potions of flight
 C - 2 potions of curing
 U - a potion of cure mutation
 X - a potion of brilliance
 Z - 2 potions of invisibility
Books
 a - a book of Flames

   Spells                             Type                      Level
   a - Flame Tongue                   Conjuration/Fire             1
   b - Throw Flame                    Conjuration/Fire             2
   c - Conjure Flame                  Conjuration/Fire             3
   d - Inner Flame                    Hexes/Fire                   3
   e - Sticky Flame                   Conjuration/Fire             4
   f - Fireball                       Conjuration/Fire             5
 B - a book of Minor Magic

   Spells                             Type                      Level
   a - Magic Dart                     Conjuration                  1
   b - Blink                          Translocation                2
   c - Call Imp                       Summoning                    2
   d - Repel Missiles                 Charms/Air                   2
   e - Slow                           Hexes                        2
   f - Conjure Flame                  Conjuration/Fire             3
   g - Mephitic Cloud                 Conjuration/Poison/Air       3
 K - a book of Fire

   Spells                             Type                      Level
   a - Ignite Poison                  Fire/Transmutation/Poison    3
   b - Fireball                       Conjuration/Fire             5
   c - Bolt of Fire                   Conjuration/Fire             6
   d - Delayed Fireball               Conjuration/Fire             7
   e - Ring of Flames                 Charms/Fire                  7
Miscellaneous
 y - a sack of spiders
Comestibles
 b - 9 bread rations
 i - a royal jelly
 v - 4 meat rations
 z - 27 fruits
 G - 4 beef jerkies


   Skills:
 - Level 2.0 Dodging
 - Level 2.6 Stealth
 + Level 4.5 Spellcasting
 + Level 11.4 Conjurations
 + Level 11.6 Fire Magic


You had 11 spell levels left.
You knew the following spells:

 Your Spells              Type           Power        Failure   Level  Hunger
a - Flame Tongue          Conj/Fire      #####        1%          1    None
b - Sticky Flame          Conj/Fire      ######..     1%          4    ####...
c - Conjure Flame         Conj/Fire      ######..     1%          3    ##.....


Dungeon Overview and Level Annotations

Branches:
Dungeon (11/15)            Temple (0/1) D:5             Orc (0/4) D:9
   Lair: D:8-11

Altars:
Trog
Vehumet

Shops:
D:6 *   D:9 [


Innate Abilities, Weirdness & Mutations

You cannot wear most types of armour.
You are amphibious.
You can wear up to eight rings at the same time.
You can use your tentacles to constrict eight enemies at once.
Your skin changes colour to match your surroundings (Stealth).
Your rubbery body absorbs attacks (AC +1).
You are robust (+10% HP).


Message History

A red ugly thing comes into view.
Press: ? - help, v - describe, . - travel
Here: a red ugly thing (hasn't noticed you)
The floor.
Unknown command.
The red ugly thing gurgles horribly!
You hear a shout!
The red ugly thing pecks you!
You are engulfed in flames!
The centaur wields a shortbow.
The centaur shoots an arrow.
The arrow hits you!
You see here an arrow.
You see here 21 stones.
The centaur shoots an arrow.
The arrow hits you!
You see here an arrow.
The red ugly thing pecks you!
You are engulfed in flames!
* * * LOW HITPOINT WARNING * * *
Unknown command.
Drink which item? (? for menu, Esc to quit)
You feel much better. The red ugly thing pecks you!
* * * LOW HITPOINT WARNING * * *
You are engulfed in flames!!
You die...

#.#.##.......#.# ###### ##.
##............#.# #.c
#..#.#...<......######### #..
#.####.#######..........# #.. #.#
#.# #..........#####.. #.# #.#
#<).)..##..#...... #.# #.#
#c(..(.....(...... #.# #)#
#u#...#.#..#...... ###.####.#
#@#[.......#####..
.......#.#######.........######..
.##.##.#.........#.###†##.....#..
.##.##.#####.#####.# #.##.###.#).
.#...#.# #....>..# #.##.# #.(..
.##.##.#####......## #.##.###.###
.##.##.#......###.# #.##.....#
.......#.###..###.####.#.....##
###........#..........)#.##..#


You could see a red ugly thing and a centaur.

Vanquished Creatures
  Urug (D:11)
  A hill giant (D:10)
  The ghost of Ijustatesigmund the Conjurer, a novice DsWz (D:7)
  2 trolls
  A kobold demonologist (D:11)
  A two-headed ogre (D:8)
  A steam dragon (D:11)
  3 hippogriffs
  An eye of draining (D:8)
  2 orc warriors
  Purgy (Sewer)
  5 ogres
  A necrophage (D:8)
  3 ice beasts
  A phantom (D:5)
  A sky beast (D:5)
  4 centaurs
  A crocodile (D:8)
  6 big kobolds
  A wyvern zombie (D:11)
  4 giant frogs
  A gnoll sergeant (D:10)
  4 scorpions
  4 wights (D:7)
  5 killer bees
  4 crimson imps
  2 orc priests (D:9)
  2 giant frog zombies
  3 jellies
  5 hounds
  10 orc wizards
  3 giant frog skeletons
  An iguana (D:11)
  5 worker ants
  A hound skeleton (D:5)
  A worker ant zombie (D:9)
  5 gnolls (D:10)
  12 adders
  4 shadow imps
  An ooze (D:1)
  2 adder zombies
  4 adder skeletons
  3 worms (D:2)
  7 giant geckos
  33 orcs
  3 ball pythons
  10 bats
  5 giant cockroaches
  9 goblins
  9 hobgoblins
  14 jackals
  25 kobolds
  4 quokkas
  14 giant newts
  A quokka skeleton (D:8)
  A quokka zombie (D:5)
  9 rats
268 creatures vanquished.

Notes
Turn   | Place    | Note
--------------------------------------------------------------
     0 | D:1      | dorian the Octopode Fire Elementalist began the quest for the Orb.
     0 | D:1      | Reached XP level 1. HP: 11/11 MP: 3/3
   328 | D:1      | Reached XP level 2. HP: 7/17 MP: 0/5
   923 | D:1      | Reached XP level 3. HP: 21/21 MP: 4/6
  1800 | D:3      | Reached XP level 4. HP: 27/27 MP: 3/7
  1862 | D:3      | Found a glowing drain.
  1864 | D:3      | Reached skill level 4 in Fire Magic
  1888 | Sewer    | Entered a sewer
  2140 | Sewer    | Noticed Purgy
  2319 | Sewer    | Learned a level 4 spell: Sticky Flame
  2345 | Sewer    | Killed Purgy
  2345 | Sewer    | Reached XP level 5. HP: 9/31 MP: 1/8
  3292 | D:3      | Reached skill level 5 in Fire Magic
  3292 | D:3      | Reached XP level 6. HP: 26/36 MP: 1/9
  4558 | D:4      | Reached skill level 5 in Conjurations
  4558 | D:4      | Reached XP level 7. HP: 34/41 MP: 10/10
  4691 | D:5      | Entered Level 5 of the Dungeon
  4691 | D:5      | Found a radiant altar of Vehumet.
  4693 | D:5      | Found a staircase to the Ecumenical Temple.
  4710 | D:5      | Became a worshipper of Vehumet
  4746 | D:4      | Learned a level 3 spell: Conjure Flame
  4795 | D:5      | Reached skill level 6 in Fire Magic
  5832 | D:5      | Reached XP level 8. HP: 43/46 MP: 6/11
  6175 | D:6      | Reached skill level 7 in Fire Magic
  6699 | D:6      | Found Juigyur's Serpentskin Sales.
  6799 | D:6      | Reached * piety under Vehumet
  6799 | D:6      | Offered knowledge of Freeze by Vehumet.
  7351 | D:7      | Reached skill level 8 in Fire Magic
  7446 | D:7      | Got a dazzling shortbow
  7499 | D:7      | Noticed Ijustatesigmund's ghost (novice DsWz)
  7530 | D:7      | Killed Ijustatesigmund's ghost
  7530 | D:7      | Reached XP level 9. HP: 12/51 MP: 7/12
  8002 | D:7      | Reached skill level 9 in Fire Magic
  8307 | D:7      | Identified the +6 shortbow "Xuvuz" {freeze, rPois Str+5} (You found it on level 7 of the Dungeon)
  9372 | D:8      | Offered knowledge of Magic Dart by Vehumet.
  9392 | D:8      | Reached ** piety under Vehumet
  9502 | D:8      | Reached skill level 10 in Fire Magic
  9519 | D:8      | Found a bloodstained altar of Trog.
  9631 | D:8      | Reached XP level 10. HP: 56/56 MP: 13/13
  9897 | D:8      | Reached skill level 10 in Conjurations
 10197 | D:9      | Found a staircase to the Orcish Mines.
 10247 | D:9      | Offered knowledge of Static Discharge by Vehumet.
 10615 | D:9      | Reached *** piety under Vehumet
 11057 | D:9      | Found Sorhalie's Antique Armour Shop.
 11230 | D:10     | Entered Level 10 of the Dungeon
 11263 | D:10     | Offered knowledge of Fulminant Prism by Vehumet.
 11446 | D:10     | Gained mutation: You are robust (+10% HP). [potion of beneficial mutation]
 11584 | D:10     | Noticed a hill giant
 11666 | D:10     | Killed a hill giant
 11666 | D:10     | Reached skill level 11 in Fire Magic
 12346 | D:11     | HP: 2/61 [wyvern zombie (11)]
 12984 | D:11     | Reached XP level 11. HP: 58/67 MP: 17/17
 12993 | D:11     | Reached **** piety under Vehumet
 13105 | D:11     | Noticed Urug
 13128 | D:11     | Killed Urug
 13209 | D:11     | Noticed a red ugly thing
 13230 | D:11     | Mangled by a red ugly thing

Action                   |  1- 3 |  4- 6 |  7- 9 | 10-12 || total
-------------------------+-------+-------+-------+-------++-------
Melee: Whip              |    37 |    18 |    73 |       ||   128
 Fire: Shortbow          |       |       |    36 |    86 ||   122
 Cast: Flame Tongue      |    48 |    90 |   170 |   181 ||   489
       Sticky Flame      |       |       |    12 |    23 ||    35
Evoke: Wand              |       |       |     5 |     4 ||     9
  Use: Potion            |       |     9 |     5 |     4 ||    18
       Scroll            |       |       |       |    16 ||    16
 Stab: Sleeping          |     4 |       |     4 |       ||     8
       Distracted        |       |     1 |       |       ||     1
  Eat: Chunk             |     3 |     9 |    21 |    10 ||    43
       Beef jerky        |       |     1 |       |     4 ||     5
       Pizza             |       |       |     1 |       ||     1
       Royal jelly       |       |       |       |     1 ||     1
